 Dungeon Crawl Stone Soup version 0.27-a0-1416-g941b2bd30b (webtiles) character file.

Game seed: 10641992001746295912

24072 spiderkeys the Envoy of Void (level 13, -5/93 HPs)
             Began as an Octopode Abyssal Knight on June 27, 2021.
             Was a High Priest of Lugonu.
             Slain by a minotaur (17 damage)
             ... in a Gauntlet on July 1, 2021.
             The game lasted 00:42:09 (18168 turns).

spiderkeys the Envoy of Void (OpAK)                Turns: 18168, Time: 00:42:10

Health: -5/93      AC:  1    Str: 25    XL:     13   Next: 10%
Magic:  30/30      EV: 19    Int: 17    God:    Lugonu [*****.]
Gold:   1448       SH: 12    Dex: 10    Spells: 12/12 levels left

rFire    + + .     SeeInvis .   a - +0 trident
rCold    + + +     Faith    .   r - +0 kite shield "Xeddij" {rF++ rC+++ Regen+ Dex-4}
rNeg     + . .     Spirit   .   (helmet restricted)
rPois    +         Reflect  .   A - amulet of the acrobat
rElec    .         Harm     .   W - ring of magical power
rCorr    +         Rampage  .   l - ring of willpower
Will     +....     NoTele   +   P - ring "Honu" {rPois rCorr EV+4 Int-4 Stlth+}
Stlth    +++.......             s - +6 ring of strength
HPRegen  1.25/turn              S - +6 ring of strength
MPRegen  0.22/turn              I - +6 ring of intelligence
                                Y - +4 ring of slaying
                                N - ring of positive energy

@: mighty, hasted, very quick
A: almost no armour, amphibious, 8 rings, camouflage 1, gelatinous body 1,
(nimble swimmer 1), tentacles
a: Renounce Religion, Depart the Abyss, Bend Space, Banish, Corrupt, Enter the
Abyss


You were in a Gauntlet.
You worshipped Lugonu.
Lugonu was extremely pleased with you.
You visited 2 branches of the dungeon, and saw 16 of its levels.
You visited the Abyss 2 times.
You also visited: Gauntlet.

You collected 1657 gold pieces.
You spent 209 gold pieces at shops.


Innate Abilities, Weirdness & Mutations

You cannot wear most types of armour.
You are amphibious.
You can wear up to eight rings at the same time.
Your skin changes colour to match your surroundings (Stealth+).
Your rubbery body absorbs attacks. (AC +1, EV +1)
((You are camouflaged near water. (Stealth+)))
You have tentacles for arms and can constrict up to eight enemies at once.


   Skills:
 + Level 10.3 Fighting
 + Level 10.1 Polearms
 + Level 10.1 Dodging
 + Level 9.7 Shields
 + Level 10.8 Invocations


You had 12 spell levels left.
You didn't know any spells.
Your spell library contained the following spells:

 Spells                   Type           Power      Damage    Failure   Level
 Beastly Appendage        Tmut           0%         N/A       41%         1
 Corona                   Hex            0%         N/A       41%         1
 Summon Small Mammal      Summ           0%         N/A       41%         1
 Call Imp                 Summ           0%         N/A       56%         2
 Ensorcelled Hibernation  Hex/Ice        0%         N/A       56%         2
 Wereblood                Tmut           0%         N/A       56%         2
 Call Canine Familiar     Summ           0%         N/A       80%         3
 Confusing Touch          Hex            0%         N/A       80%         3
 Dazzling Flash           Conj/Hex       0%         N/A       80%         3
 Gell's Gravitas          Tloc           0%         N/A       80%         3
 Lesser Beckoning         Tloc           0%         N/A       80%         3
 Spider Form              Tmut/Pois      0%         N/A       80%         3
 Summon Guardian Golem    Hex/Summ       0%         N/A       80%         3
 Teleport Other           Tloc           0%         N/A       80%         3
 Tukima's Dance           Hex            0%         N/A       80%         3
 Animate Dead             Necr           0%         N/A       99%         4
 Ice Form                 Ice/Tmut       0%         N/A       99%         4
 Petrify                  Tmut/Erth      0%         N/A       99%         4
 Summon Ice Beast         Ice/Summ       0%         N/A       99%         4
 Summon Lightning Spire   Summ/Air       0%         N/A       99%         4
 Borgnjor's Vile Clutch   Necr/Erth      0%         N/A       100%        5
 Metabolic Englaciation   Hex/Ice        0%         N/A       100%        5
 Yara's Violent Unravell  Hex/Tmut       0%         3d3       100%        5
 Death Channel            Necr           0%         N/A       100%        6

Inventory:

Hand Weapons
 a - a +0 trident (weapon)
   (You took it off an orc on level 8 of the Dungeon)
 u - the +7 short sword "Godaj" {drain, rC+}
   (You found it on level 12 of the Dungeon)

   A truly terrible weapon, it drains the life of those it strikes.
   rC:        It protects you from cold.
Missiles
 b - 70 poisoned darts (quivered)
 c - 283 arrows
 g - 528 stones
 m - a throwing net {=f!f}
 p - 84 sling bullets
 y - 134 bolts
 M - 3 curare-tipped darts {=f}
 R - 4 boomerangs
Armour
 r - the +0 kite shield "Xeddij" (worn) {rF++ rC+++ Regen+ Dex-4}
   (You bought it in a shop on level 2 of the Dungeon)

   Dex:       It affects your dexterity (-4).
   rF:        It greatly protects you from fire.
   rC:        It renders you almost immune to cold.
   Regen:     It increases your rate of health regeneration.
Jewellery
 l - a ring of willpower (right tentacle)
   (You found it on level 3 of the Dungeon)
 s - a +6 ring of strength (on tentacle)
   (You found it on level 4 of the Dungeon)
 v - a ring of see invisible
   (You found it on level 3 of the Lair of Beasts)
 A - an amulet of the acrobat (around mantle)
   (You found it on level 1 of the Abyss)
 G - an amulet of guardian spirit
   (You found it on level 7 of the Dungeon)
 I - a +6 ring of intelligence (on tentacle)
   (You found it on level 5 of the Dungeon)
 N - a ring of positive energy (on tentacle)
   (You found it on level 6 of the Dungeon)
 P - the ring "Honu" (on tentacle) {rPois rCorr EV+4 Int-4 Stlth+}
   (You acquired it on level 13 of the Dungeon)

   [ring of evasion]

   EV:        It affects your evasion (+4).
   Int:       It affects your intelligence (-4).
   rPois:     It protects you from poison.
   rCorr:     It protects you from acid and corrosion.
   Stlth:     It makes you more stealthy.
 S - a +6 ring of strength (on tentacle)
   (You found it on level 3 of the Dungeon)
 W - a ring of magical power (left tentacle)
   (You found it on level 2 of the Dungeon)
 Y - a +4 ring of slaying (on tentacle)
   (You found it on level 10 of the Dungeon)
Wands
 e - a wand of paralysis (13)
   (You took it off a gnoll on level 3 of the Dungeon)
 n - a wand of acid (1)
   (You found it on level 1 of the Lair of Beasts)
 D - a wand of flame (44)
   (You found it on level 7 of the Dungeon)
Scrolls
 h - 4 scrolls of teleportation {@r4}
 j - 6 scrolls of blinking {!r}
 o - 6 scrolls of immolation {!r!r}
 x - a scroll of silence {!r}
 z - 2 scrolls of enchant armour
 C - a scroll of fear
 J - a scroll of identify {@r1}
 K - a scroll of vulnerability {!r!r}
 Q - a scroll of torment {!r}
 U - a scroll of fog
Potions
 d - 4 potions of lignification {!q}
 f - 4 potions of might
 i - a potion of flight
 q - 4 potions of curing {@q1}
 t - 2 potions of attraction {!q}
 w - a potion of haste {@q3}
 B - 2 potions of cancellation {unknown}
 E - 2 potions of berserk rage {unknown}
 F - a potion of magic {unknown}
 H - a potion of invisibility {unknown}
 L - 4 potions of brilliance {unknown}
 O - a potion of heal wounds {@q2}
 Z - 2 potions of resistance {unknown}
Miscellaneous
 k - a lightning rod (1/4)
   (You found it on level 2 of the Lair of Beasts)
 V - a phial of floods
   (You found it on level 11 of the Dungeon)
 X - a tin of tremorstones (inert)
   (You found it on level 11 of the Dungeon)

Dungeon Overview and Level Annotations

Branches:
Dungeon (13/15)            Temple (0/1) D:6            Lair (3/6) D:11
 Spider (0/4) Lair:3          Orc (0/2) D:11        Gauntlet (1/1)
  Swamp: Lair:2-4    Shoals: Lair:2-4    Vaults: D:13-14

Altars:
Ashenzari
Cheibriados
Dithmenos
Fedhas
Gozag
Kikubaaqudgha
Nemelex Xobeh
Okawaru
Qazlal
Ru
Sif Muna
Vehumet
Yredelemnul
Beogh

Shops:
D:2 ([([   D:8 [   D:10 [

Annotations:
D:2 1 runed translucent door, Crazy Yiuf
D:4 2 transporters, unlimited's ghost, novice OgBe
D:5 1 runed translucent door, octoduck's ghost, novice DsBe Gauntlet 9 transporters, 3 runed translucent doors

#8∩8# #/.[# #8.8#
#[.}# ## #8.8#.8###
#...#....# #
#8H8#..#.#
.#..##@##..#.#
#.............#
#.#.##.#.##.#.#
#.#....#....#.#
###.#.#######.#.###
##≈...............≈##
#≈≈..8©8©8©8©8©8..≈≈#
#≈...............≈##
## ###
###################
### ##


You could see a minotaur.


Message History

You kill the wizard!
Lugonu accepts your kill. 😎 HP[+2]
You now have 93 max hp (+1).
Your hp is fully restored (93).
Things that are here:
a +0 dagger; a +0 robe You puncture the white imp!
You kill the white imp!
Lugonu accepts your kill. The white imp gestures at you.
The puff of frost misses you. 😎 MP[+1]
Your mp is fully restored (30).
You block the white imp's attack. You block the white imp's attack.
You closely miss the white imp. You grab the white imp.
You squeeze the white imp, but do no damage.
You constrict the white imp. The white imp misses you.
You puncture the white imp!
You kill the white imp!
Lugonu accepts your kill.
Things that are here:
a +0 dagger; a +0 robe The hell hog squeals angrily.
There is a transporter here.
You now have 1448 gold pieces (gained 37).
You see here a +1 helmet of intelligence.
There is a transporter here.
You enter the transporter and appear at another place.
There is a transporter here.
There is a transporter here.
You enter the transporter and appear at another place.
You feel very mighty all of a sudden.
You feel yourself speed up.
You open the door.
A minotaur comes into view.
It is wielding a +0 broad axe of electrocution and wearing the +3 scale mail "Oxiqim Luf" {rC+}.
The minotaur moves out of view.
Found a phial of floods and runed steam dragon scales.
Found a gate leading back out of this place.
There is an open door here.
Reach: a) +0 trident
Press: ? - help, Dir - move target, f - minotaur
Aim: a minotaur, wielding a +0 broad axe of electrocution, wearing the +3 scale mail "Oxiqim Luf" {rC+} and quivering javelins (wandering, hasn't noticed you, about 25% to evade your +0 trident)
You reach to attack!
The minotaur bellows!
You puncture the minotaur!
The minotaur throws a javelin.
The javelin pierces through you!! 😕 HP[-22]
You take 22 damage, and now have 71/93 hp.
MASSIVE DAMAGE!! (PAUSE) Reach: a) +0 trident
Press: ? - help, Dir - move target, f/p - minotaur
Aim: a minotaur, wielding a +0 broad axe of electrocution, wearing the +3 scale mail "Oxiqim Luf" {rC+} and quivering javelins (moderately wounded, about 25% to evade your +0 trident)
You reach to attack!
You puncture the minotaur!
Reach: a) +0 trident
Press: ? - help, Dir - move target, f/p - minotaur
Aim: a minotaur, wielding a +0 broad axe of electrocution, wearing the +3 scale mail "Oxiqim Luf" {rC+} and quivering javelins (moderately wounded, about 25% to evade your +0 trident)
You reach to attack!
You puncture the minotaur!
The minotaur throws a javelin.
The javelin completely misses you. 😕 HP[+1] Reach: a) +0 trident
Press: ? - help, Dir - move target, f/p - minotaur
Aim: a minotaur, wielding a +0 broad axe of electrocution, wearing the +3 scale mail "Oxiqim Luf" {rC+} and quivering javelins (heavily wounded, about 25% to evade your +0 trident)
You reach to attack!
You puncture the minotaur!
The minotaur throws a javelin.
The javelin pierces through you!!
* * * LOW HITPOINT WARNING * * *
😨 HP[-31]
You take 31 damage, and now have 41/93 hp.
MASSIVE DAMAGE!! (PAUSE) 😨 HP[+1]
You feel much better. 😮 HP[+21]
You regained 21 hp, and now have 63/93 hp.
Reach: a) +0 trident
Press: ? - help, Dir - move target, f/p - minotaur
Aim: a minotaur, wielding a +0 broad axe of electrocution, wearing the +3 scale mail "Oxiqim Luf" {rC+} and quivering javelins (severely wounded, about 25% to evade your +0 trident)
You reach to attack!
You hit the minotaur. 😮 HP[+1]
The minotaur hits you with a +0 broad axe of electrocution!!
The minotaur completely misses you.
There is an open door, spattered with blood here. 😮 HP[-17]
You take 17 damage, and now have 47/93 hp.
You hit the minotaur but do no damage. You grab the minotaur.
You constrict the minotaur. You block the minotaur's attack.
The minotaur gores you!
* * * LOW HITPOINT WARNING * * *
😨 HP[-15]
You take 15 damage, and now have 32/93 hp.
You hit the minotaur.
You squeeze the minotaur, but do no damage.
You constrict the minotaur. You hit the minotaur but do no damage.
You squeeze the minotaur.
You constrict the minotaur, but do no damage.
The minotaur hits you with a +0 broad axe of electrocution.
* * * LOW HITPOINT WARNING * * *
You are electrocuted!
* * * LOW HITPOINT WARNING * * *
The minotaur gores you!
You die...

Skill      XL: |  1  2  3  4  5  6  7  8  9 10 11 12 13 |
---------------+----------------------------------------+-----
Dodging        | 3 4 5 6 7 8 10 | 10.1
Shields        | 1 2 3 4 6 7 8 9 |  9.7
Invocations    | 3 4 5 7 8 9 10 | 10.8
Polearms       | 3 4 5 6 7 8 9 10 | 10.1
Fighting       | 4 5 6 8 9 10 | 10.3

Action                   |  1- 3 |  4- 6 |  7- 9 | 10-12 | 13-15 || total
-------------------------+-------+-------+-------+-------+-------++-------
Melee: Spear             |    75 |   180 |   290 |    25 |       ||   570
       Constrict         |    14 |    36 |    45 |    85 |     5 ||   185
       Tentacles         |     9 |    31 |    73 |   149 |    15 ||   277
       Trident           |       |       |       |   549 |    44 ||   593
Throw: Dart              |       |       |    16 |    36 |       ||    52
Invok: Depart the Abyss  |     1 |       |       |       |     1 ||     2
       Bend Space        |       |       |     1 |    24 |       ||    25
       Banish            |       |       |       |     1 |       ||     1
Evoke: Wand              |       |       |     3 |    29 |       ||    32
       Lightning rod     |       |       |       |     4 |       ||     4
       Tin of tremorston |       |       |       |     2 |       ||     2
  Use: Scroll            |     2 |     7 |     9 |     5 |       ||    23
       Potion            |       |       |     2 |     3 |     3 ||     8
 Stab: Sleeping          |     3 |     7 |     4 |     4 |       ||    18
       Distracted        |       |       |       |     1 |       ||     1
       Paralysed         |       |       |       |    12 |       ||    12
Armor: Skin              |     2 |    16 |     7 |    11 |       ||    36
Dodge: Dodged            |    35 |    89 |   137 |   307 |    26 ||   594
Block: Kite shield       |     4 |    80 |   125 |   305 |    22 ||   536

Levels and vault maps discovered:
D:1:      minmay_arrival_hallway, layout_rooms, ebering_ecumenical_altar_webs
D:2:      layout_loops_ring, serial_shops, shop, shop, nicolae_shop_statue_plus,
          shop, minmay_pentomino_p4, uniq_crazy_yiuf_cottage, uniq_robin,
          uniq_natasha
D:3:      layout_loops_corners, nicolae_gozag_cash_rules_everything_around_me
D:4:      layout_rooms, minitemple, serial_undead, serial_undead_a,
          serial_undead_a, serial_undead_d, serial_undead_b, serial_undead_d,
          serial_undead_e, gammafunk_ghost_arena, uniq_menkaure, uniq_eustachio
D:5:      layout_basic, ebering_ghost_inner_flame, corexii_leaking_fountain,
          uniq_prince_ribbit1
D:6:      layout_gridville, old_standard_altar, nicolae_ashenzari_panopticon,
          minmay_temple_entry_junction
D:7:      layout_layer_cave, kennysheep_big_empty_room
D:8:      layout_gridville, serial_shops, nicolae_shop_behind_doors
D:9:      layout_grid_maze, special_room [special_room_kobold]
D:10:     layout_loops_ring, serial_shops, shop, minivault_21,
          minmay_misc_feat_square
D:11:     layout_rooms, david_lair_generic, minmay_orc_entry_temple_small,
          nrook_guardian_serpent_ordinary
D:12:     layout_rooms
D:13:     layout_basic, grunt_vaults_entry_tiered
Lair:1:   layout_hall_layers, uniq_joseph
Lair:2:   layout_big_grid, lemuel_fruit_tree, grunt_megastairs_5
Lair:3:   layout_gridlike, dummy_spider_entry, serial_forest,
          infiniplex_forest_clump_long, infiniplex_forest_clump_medium,
          infiniplex_forest_lined_3, infiniplex_forest_lined_ring,
          infiniplex_forest_corner_2, infiniplex_forest_clump_long,
          infiniplex_forest_lined_corner, infiniplex_forest_end_double,
          gauntlet_entry_generic, beast_lair_carwin_4
Gauntlet: gammafunk_gauntlet_77_escape_option
          [minmay_gauntlet_arena_77_hold_the_fort,
          minmay_gauntlet_arena_77_shame_cube, minmay_gauntlet_arena_77_cramped,
          minmay_gauntlet_arena_77_squiggly,
          minmay_gauntlet_arena_77_chump_sandwich,
          nicolae_gauntlet_exit_dead_adventurers]

Notes
Turn   | Place    | Note
-------+----------+-------------------------------------------
     0 | Abyss:1  | spiderkeys the Octopode Abyssal Knight began the quest for
                  | the Orb.
     0 | Abyss:1  | Reached XP level 1. HP: 16/16 MP: 2/2
     0 | Abyss:1  | magus.rc [v1.9.10]
    36 | Abyss:1  | Noticed an orange demon
    40 | Abyss:1  | Noticed a hellwing
    61 | D:1      | You pass through the gate.
    61 | D:1      | Escaped the Abyss
    94 | D:1      | Found a faded altar of an unknown god.
   129 | D:1      | Reached * piety under Lugonu
   354 | D:1      | Reached XP level 2. HP: 19/21 MP: 3/3
   582 | D:1      | You pick up a book of Callings and begin reading...
   582 | D:1      | You add the spells Summon Small Mammal, Call Imp, Call
                  | Canine Familiar, Summon Guardian Golem, Summon Lightning
                  | Spire and Summon Ice Beast to your library.
   934 | D:1      | Reached XP level 3. HP: 25/26 MP: 4/4
  1436 | D:2      | Reached XP level 4. HP: 28/31 MP: 6/6
  1507 | D:2      | Found Xemem's Antique Weapon Boutique.
  1527 | D:2      | Reached skill level 3 in Dodging
  1720 | D:2      | Reached ** piety under Lugonu
  1734 | D:2      | HP: 7/31 [poisoned by an adder]
  1737 | D:2      | Reached skill level 1 in Shields
  2026 | D:2      | Found Xiqa's Antique Armour Emporium.
  2044 | D:2      | Found Pepoc's Antique Armour Boutique.
  2106 | D:2      | Found Koaq's Antique Weapon Shoppe.
  2173 | D:2      | Noticed Robin
  2218 | D:2      | Noticed Natasha
  2561 | D:2      | Killed Natasha
  2562 | D:2      | Reached skill level 3 in Invocations
  2805 | D:2      | Reached XP level 5. HP: 36/36 MP: 7/7
  2982 | D:2      | Killed Robin
  2983 | D:2      | Reached skill level 3 in Polearms
  3078 | D:2      | Found a runed translucent door.
  3079 | D:2      | Noticed Crazy Yiuf
  3137 | D:2      | Noticed Natasha
  3144 | D:2      | Killed Natasha
  3334 | D:2      | Noticed Natasha
  3340 | D:2      | Killed Natasha
  3542 | D:3      | Found an opulent altar of Gozag.
  4864 | D:4      | Found a transporter.
  4864 | D:4      | Found a transporter.
  4864 | D:4      | Noticed unlimited's ghost (novice OgBe)
  4864 | D:4      | Noticed a hornet
  4882 | D:4      | Reached *** piety under Lugonu
  4989 | D:4      | Noticed Eustachio
  5035 | D:4      | Reached skill level 2 in Shields
  5194 | D:3      | Reached XP level 6. HP: 22/43 MP: 8/8
  5503 | D:4      | Reached skill level 4 in Fighting
  5736 | D:3      | Reached XP level 7. HP: 17/48 MP: 9/9
  6007 | D:4      | Reached skill level 4 in Invocations
  6042 | D:4      | Reached skill level 4 in Dodging
  6357 | D:3      | HP: 15/73 [phantom (7)]
  6717 | D:4      | Reached skill level 3 in Shields
  6765 | D:4      | You pick up a book of Changes and begin reading...
  6765 | D:4      | You add the spells Beastly Appendage, Wereblood, Spider
                  | Form and Ice Form to your library.
  6861 | D:4      | You pick up a book of Maledictions and begin reading...
  6861 | D:4      | You add the spells Corona, Ensorcelled Hibernation,
                  | Confusing Touch, Tukima's Dance and Dazzling Flash to your
                  | library.
  6870 | D:4      | Reached skill level 4 in Polearms
  7070 | D:4      | Noticed Menkaure
  7475 | D:3      | Killed Eustachio
  7476 | D:3      | Reached XP level 8. HP: 28/54 MP: 11/11
  7625 | D:4      | Killed Menkaure
  7626 | D:4      | Reached skill level 5 in Fighting
  7838 | D:4      | Found a blossoming altar of Fedhas.
  7839 | D:4      | Found an ancient bone altar of Kikubaaqudgha.
  7845 | D:4      | Found a shadowy altar of Dithmenos.
  7845 | D:4      | Found an iron altar of Okawaru.
  7845 | D:4      | Found a snail-covered altar of Cheibriados.
  7845 | D:4      | Found a basalt altar of Yredelemnul.
  7847 | D:4      | Found a sacrificial altar of Ru.
  7848 | D:4      | Found a radiant altar of Vehumet.
  7870 | D:4      | Found a sparkling altar of Nemelex Xobeh.
  7871 | D:4      | Found a stormy altar of Qazlal.
  7919 | D:5      | Entered Level 5 of the Dungeon
  7919 | D:5      | Noticed Prince Ribbit
  7926 | D:5      | Killed Prince Ribbit
  7927 | D:5      | Reached skill level 5 in Dodging
  7927 | D:5      | Reached skill level 4 in Shields
  7927 | D:5      | Reached skill level 5 in Invocations
  8093 | D:2      | Bought a bloodstained kite shield for 209 gold pieces
  8093 | D:2      | Identified the +0 kite shield "Xeddij" {rF++ rC+++ Regen+
                  | Dex-4} (You bought it in a shop on level 2 of the Dungeon)
  8363 | D:5      | Reached skill level 5 in Polearms
  8567 | D:5      | Found a runed translucent door.
  8570 | D:5      | Noticed octoduck's ghost (novice DsBe)
  9187 | D:6      | Reached XP level 9. HP: 62/62 MP: 13/13
  9262 | D:6      | Found a shimmering blue altar of Sif Muna.
  9303 | D:6      | Reached **** piety under Lugonu
  9337 | D:6      | Reached skill level 6 in Invocations
  9447 | D:6      | Found a broken altar of Ashenzari.
  9529 | D:6      | Found a staircase to the Ecumenical Temple.
  9545 | D:6      | Reached skill level 6 in Fighting
  9794 | D:6      | Identified a scroll of acquirement
  9794 | D:6      | Acquired 743 gold pieces
  9933 | D:7      | Reached skill level 5 in Shields
 10092 | D:7      | Reached skill level 6 in Dodging
 10324 | D:7      | You pick up a book of Misfortune and begin reading...
 10324 | D:7      | You add the spells Gell's Gravitas, Petrify, Metabolic
                  | Englaciation and Yara's Violent Unravelling to your
                  | library.
 10765 | D:7      | Reached skill level 6 in Polearms
 11092 | D:8      | Found Xesuaz's Armour Emporium.
 11282 | D:8      | Noticed a two-headed ogre
 11293 | D:8      | Killed a two-headed ogre
 11294 | D:8      | Reached skill level 6 in Shields
 11294 | D:8      | Reached skill level 7 in Invocations
 11294 | D:8      | Reached XP level 10. HP: 49/69 MP: 15/15
 11316 | D:8      | HP: 17/69 [something (2)]
 11323 | D:8      | Killed an unseen horror
 11324 | D:8      | Reached skill level 7 in Fighting
 11656 | D:8      | Reached skill level 7 in Dodging
 11843 | D:9      | Noticed a kobold demonologist
 11852 | D:9      | Killed a kobold demonologist
 11853 | D:9      | Reached skill level 7 in Polearms
 12159 | D:9      | HP: 17/71 [troll (12)]
 12275 | D:9      | Noticed a two-headed ogre
 12333 | D:9      | HP: 17/71 [two-headed ogre (26)]
 12388 | D:9      | HP: 14/71 [two-headed ogre (28)]
 12426 | D:9      | Killed a two-headed ogre
 12427 | D:9      | Reached skill level 8 in Invocations
 12708 | D:9      | Noticed a kobold demonologist
 12932 | D:9      | Reached skill level 7 in Shields
 13134 | D:9      | Reached skill level 8 in Fighting
 13134 | D:9      | Reached XP level 11. HP: 52/77 MP: 17/17
 13341 | D:10     | Entered Level 10 of the Dungeon
 13366 | D:10     | You pick up a book of Maledictions and begin reading...
 13456 | D:10     | Found Sunot's Armour Emporium.
 13474 | D:10     | Noticed a centaur warrior
 13648 | D:9      | magus.rc [v1.9.10]
 13883 | D:10     | You fall into a shaft and drop 3 floors!
 13893 | D:13     | Acquired the ring "Honu" {rPois rCorr EV+4 Int-4 Stlth+}
 13905 | D:13     | Noticed a centaur warrior
 13934 | D:12     | Reached skill level 8 in Dodging
 13970 | D:12     | Identified the +7 short sword "Godaj" {drain, rC+}
 13982 | D:11     | Noticed a cyclops
 14020 | D:10     | Killed a centaur warrior
 14021 | D:10     | Reached skill level 8 in Polearms
 14123 | D:10     | Reached ***** piety under Lugonu
 14737 | D:11     | Killed a cyclops
 14777 | D:10     | HP: 11/78 [guardian serpent (20)]
 14831 | D:11     | Noticed a five-headed hydra
 14842 | D:10     | Killed a five-headed hydra
 14843 | D:10     | Reached skill level 9 in Invocations
 14892 | D:11     | Noticed a two-headed ogre
 14900 | D:10     | HP: 11/78 [two-headed ogre (22)]
 14977 | D:10     | Killed a two-headed ogre
 14978 | D:10     | Reached skill level 8 in Shields
 15084 | D:11     | Noticed a death yak
 15099 | D:11     | Killed a death yak
 15100 | D:11     | Reached skill level 9 in Fighting
 15405 | D:11     | Reached XP level 12. HP: 70/85 MP: 19/19
 15529 | D:11     | Found a staircase to the Orcish Mines.
 15599 | D:11     | Reached skill level 9 in Dodging
 15656 | D:11     | Found a staircase to the Lair.
 15776 | Lair:1   | Entered Level 1 of the Lair of Beasts
 15832 | Lair:1   | Reached skill level 9 in Polearms
 15849 | Lair:1   | Noticed Joseph
 15872 | Lair:1   | Killed Joseph
 15891 | Lair:1   | Upgraded the game from 0.27-a0-1347-gd8886f0a89 to
                  | 0.27-a0-1416-g941b2bd30b
 15891 | Lair:1   | magus.rc [v1.9.10]
 15946 | Lair:1   | Noticed an eight-headed hydra
 15957 | Lair:1   | Killed an eight-headed hydra
 15992 | Lair:1   | You pick up a book of Unlife and begin reading...
 15992 | Lair:1   | You add the spells Animate Dead, Borgnjor's Vile Clutch and
                  | Death Channel to your library.
 16123 | Lair:1   | Reached skill level 10 in Invocations
 16372 | Lair:1   | Reached skill level 9 in Shields
 16706 | Lair:2   | Noticed a five-headed hydra
 16787 | Lair:1   | Killed a five-headed hydra
 16843 | Lair:2   | You pick up a book of Displacement and begin reading...
 16843 | Lair:2   | You add the spells Lesser Beckoning and Teleport Other to
                  | your library.
 16878 | Lair:2   | Noticed a five-headed hydra
 16885 | Lair:2   | Killed a five-headed hydra
 16886 | Lair:2   | Reached skill level 10 in Fighting
 16930 | Lair:2   | Noticed an eight-headed hydra
 17002 | Lair:2   | HP: 21/87 [yak (7)]
 17570 | Lair:3   | Found a hole to the Spider Nest.
 17588 | Lair:2   | HP: 17/87 [komodo dragon (18)]
 17593 | Lair:2   | Reached skill level 10 in Dodging
 17595 | Lair:2   | HP: 11/87 [wolf (12)]
 17689 | Lair:3   | Noticed a seven-headed hydra
 17732 | Lair:3   | Reached XP level 13. HP: 92/92 MP: 21/21
 17746 | Lair:3   | Found a gate leading to a gauntlet.
 17757 | Gauntlet | Entered a Gauntlet
 17757 | Gauntlet | Found a transporter.
 17765 | Gauntlet | Found a transporter.
 17769 | Gauntlet | Found a transporter.
 17773 | Gauntlet | Found a runed translucent door.
 17774 | Gauntlet | Found a runed translucent door.
 17777 | Gauntlet | Found a transporter.
 17781 | Gauntlet | Found a transporter.
 17785 | Gauntlet | Found a runed translucent door.
 17787 | Gauntlet | Found a runed translucent door.
 17789 | Gauntlet | Found a transporter.
 17793 | Gauntlet | Found a transporter.
 17804 | Gauntlet | Found a transporter.
 17805 | Gauntlet | Found a transporter.
 17816 | Gauntlet | Found a transporter.
 17852 | Gauntlet | Found a transporter.
 17864 | Gauntlet | Found a transporter.
 17877 | Gauntlet | Found a transporter.
 17890 | Gauntlet | Found a transporter.
 18019 | Gauntlet | Reached skill level 10 in Polearms
 18065 | Gauntlet | You are cast into the Abyss!
 18065 | Gauntlet | Cast into level 2 of the Abyss (a wizard)
 18090 | Abyss:2  | Noticed a tentacled starspawn
 18111 | Abyss:2  | Noticed an Executioner
 18116 | Gauntlet | You pass through the gate.
 18116 | Gauntlet | Escaped the Abyss
 18156 | Gauntlet | Identified the +3 scale mail "Oxiqim Luf" {rC+}
 18156 | Gauntlet | Noticed a minotaur
 18168 | Gauntlet | HP: 12/93 [minotaur (17)]
 18168 | Gauntlet | Slain by a minotaur

Vanquished Creatures
  4 hydras
  3 two-headed ogres
  A centaur warrior (D:10)
  A death yak (D:11)
  A wizard (Gauntlet)
  A cyclops (D:11)
  An elephant (D:10)
  Joseph (Lair:1)
  A guardian serpent (D:10)
  2 smoke demons
  6 cane toads
  An unseen horror (D:8)
  2 kobold demonologists (D:9)
  3 komodo dragons
  A hellwing (Abyss:2)
  A red devil (Gauntlet)
  3 trolls (D:9)
  A polar bear (Lair:2)
  7 blink frogs
  Prince Ribbit (D:5)
  A shadow (D:12)
  2 vampires (D:10)
  14 yaks
  Eustachio (D:3)
  A wraith (D:10)
  2 basilisks
  A steam dragon (D:7)
  4 vampire mosquitoes (D:11)
  2 acid dragons
  Menkaure (D:4)
  7 water moccasins
  3 orc warriors (D:9)
  A black bear (D:11)
  2 ice beasts
  A necrophage (D:8)
  A sky beast (D:5)
  An ogre (D:4)
  6 wolves
  4 centaurs
  10 kobold brigands
  2 phantoms
  5 bullfrogs
  3 scorpions
  5 killer bees
  3 wights (D:7)
  3 centaur zombies
  2 crimson imps (Gauntlet)
  A bullfrog zombie (D:6)
  A lava snake (D:7)
  4 jellies
  2 bullfrog skeletons
  2 hounds
  8 orc priests
  4 centaur skeletons
  3 iguanas
  Natasha (thrice) (D:2)
  10 orc wizards
  2 scorpion zombies (D:4)
  A hound zombie (D:4)
  2 hound skeletons (D:4)
  Robin (D:2)
  9 gnolls
  4 adders
  2 white imps (Gauntlet)
  3 adder zombies (D:4)
  4 adder skeletons (D:4)
  A worm (D:2)
  2 dart slugs
  29 orcs
  5 ball pythons
  8 bats
  9 endoplasms
  2 giant cockroaches
  17 goblins
  10 hobgoblins
  7 jackals
  6 quokkas
  6 frilled lizards
  27 kobolds
  A quokka skeleton (D:4)
  A quokka zombie (D:4)
  2 rats
329 creatures vanquished.

Vanquished Creatures (others)
  4 fungi
  8 plants
  4 withered plants (D:4)
16 creatures vanquished.

Grand Total: 345 creatures vanquished

Table legend:
 A = Non-vault XP
 B = Vault XP
 C = Vault XP percentage of total XP
 D = Non-vault monster count
 E = Vault monster count
 F = Vault count percentage of total count
                 A         B        C        D         E       F
            +---------+---------+-------+---------+---------+-------
      Total |   27041 |    7348 |  21.4 |     253 |      77 |  23.3
            +---------+---------+-------+---------+---------+-------
        D:1 |      56 |       4 |   6.7 |      26 |       2 |   7.1
        D:2 |     166 |      71 |  30.0 |      28 |      13 |  31.7
        D:3 |     319 |     122 |  27.7 |      23 |       1 |   4.2
        D:4 |     398 |     371 |  48.2 |      16 |      16 |  50.0
        D:5 |     539 |     255 |  32.1 |      10 |       1 |   9.1
        D:6 |     652 |       0 |   0.0 |      14 |       0 |   0.0
        D:7 |     764 |       0 |   0.0 |       9 |       0 |   0.0
        D:8 |    2394 |     288 |  10.7 |      31 |       7 |  18.4
        D:9 |    3187 |     823 |  20.5 |      19 |      11 |  36.7
       D:10 |    4035 |     945 |  19.0 |      21 |       3 |  12.5
       D:11 |    1807 |    1305 |  41.9 |      12 |       8 |  40.0
       D:12 |     223 |       0 |   0.0 |       1 |       0 |   0.0
     Lair:1 |    7618 |     576 |   7.0 |      24 |       2 |   7.7
     Lair:2 |    3826 |     821 |  17.7 |      15 |       3 |  16.7
     Lair:3 |     266 |     282 |  51.5 |       2 |       3 |  60.0
    Abyss:2 |     791 |       0 |   0.0 |       2 |       0 |   0.0
   Gauntlet |       0 |    1485 | 100.0 |       0 |       7 | 100.0
            +---------+---------+-------+---------+---------+-------

Illustrated notes

Table legend:
 A = Kills in this place as a percentage of kills in entire the game.
 B = Kills by you in this place as a percentage of kills by you in the entire game.
 C = Kills by friends in this place as a percentage of kills by friends in the entire game.
 D = Other kills in this place as a percentage of other kills in the entire game.
 E = Experience gained in this place as a percentage of experience gained in the entire game.
 F = Experience gained in this place divided by the number of levels of this place that you have seen.
                   A       B       C       D       E      F
               +-------+-------+-------+-------+-------+----------------------
         Total | 100.0 | 100.0 |   N/A | 100.0 | 100.0 | 1809.9
       Dungeon |  82.4 |  82.4 |   N/A | 100.0 |  54.4 | 1440.3
          Lair |  14.8 |  14.9 |   N/A |   0.0 |  38.9 | 4463.0
         Abyss |   0.6 |   0.6 |   N/A |   0.0 |   2.3 | 395.5
      Gauntlet |   2.1 |   2.1 |   N/A |   0.0 |   4.3 | 1485.0
               +-------+-------+-------+-------+-------+----------------------

Table legend: (Time is in decaauts)
 A = Elapsed time spent in this place.
 B = Non-inter-level travel time spent in this place.
 C = Inter-level travel time spent in this place.
 D = Time resting spent in this place.
 E = Time spent auto-exploring this place.
 F = Levels seen in this place.
 G = Mean time per level.
                   A        B        C        D        E       F      G
               +--------+--------+--------+--------+--------+-----+--------+
         Total |  18307 |  17551 |    756 |   3706 |   9603 |  19 |  963.5 |
       Dungeon |  15862 |  15200 |    662 |   3316 |   8657 |  13 | 1220.2 |
          Lair |   1981 |   1887 |     94 |    380 |    788 |   3 |  660.3 |
         Abyss |    110 |    110 |      0 |      0 |      0 |   2 |   55.0 |
      Gauntlet |    353 |    353 |      0 |     10 |    158 |   1 |  353.0 |
               +--------+--------+--------+--------+--------+-----+--------+

Top non-repeatable levels by time:
     D:3: 3324 daAuts
     D:2: 2098 daAuts
     D:9: 1657 daAuts
     D:1: 1624 daAuts
     D:7: 1262 daAuts
    D:10: 1246 daAuts
     D:4: 1185 daAuts
  Lair:1: 1025 daAuts
     D:5: 966 daAuts
     D:8: 930 daAuts
  Lair:2: 845 daAuts
    D:11: 778 daAuts
     D:6: 662 daAuts
Gauntlet: 353 daAuts
  Lair:3: 110 daAuts
